 Dungeon Crawl Stone Soup version 0.28.0-47-ge53b351184 (webtiles) character file.

Game seed: 7087925771182379127

70 CryoSword the Charlatan (level 4, 33/34 HPs)
             Began as a Demonspawn Artificer on May 2, 2022.
             Quit the game on level 3 of the Dungeon.
             The game lasted 00:03:16 (2453 turns).

CryoSword the Charlatan (Demonspawn Artificer)      Turns: 2453, Time: 00:03:16

Health: 33/34      AC:  6    Str: 14    XL:     4   Next: 4%
Magic:  4/4        EV:  9    Int: 14    God:
Gold:   67         SH:  0    Dex: 14    Spells: 3/3 levels left

rFire   . . .      SeeInvis .   g - +2 whip (flame)
rCold   . . .      Faith    .   (no shield)
rNeg    . . .      Spirit   +   o - +0 scale mail
rPois   .          Reflect  .   (no helmet)
rElec   .          Harm     .   (no cloak)
rCorr   .          Rampage  .   (no gloves)
Will    .....                   (no boots)
Stlth   ..........              f - amulet of guardian spirit
HPRegen 0.11/turn               (no ring)
MPRegen 0.09/turn               (no ring)

@: mildly poisoned (33 -> 28)
A: claws 1, big brain 1
a: no special abilities


You were on level 3 of the Dungeon.
You visited 1 branch of the dungeon, and saw 3 of its levels.

You collected 67 gold pieces.

Inventory:

Hand Weapons
 g - a +2 whip of flaming (weapon)
   (You found it on level 1 of the Dungeon)
Missiles
 j - 4 poisoned darts
Armour
 o - a +0 scale mail (worn)
   (You found it on level 2 of the Dungeon)
Jewellery
 f - an amulet of guardian spirit (around neck)
   (You found it on level 1 of the Dungeon)
Wands
 c - a wand of flame (15) (quivered)
 d - a wand of charming (15)
 n - a wand of mindburst (8)
   (You found it on level 2 of the Dungeon)
Scrolls
 a - a scroll of blinking {unknown}
 h - 3 scrolls of teleportation {@r4}
Potions
 b - a potion of mutation {unknown}
 i - a potion of curing {unknown}
 k - a potion of attraction {!q}
Miscellaneous
 e - a piece from Xom's chessboard (15/15)


   Skills:
 + Level 2.3 Fighting
 - Level 1.7 Armour
 - Level 0.8 Dodging
 - Level 0.8 Stealth
 * Level 2.6 Unarmed Combat
 - Level 3.0 Evocations


You had 3 spell levels left.
You didn't know any spells.
Your spell library was empty.

Dungeon Overview and Level Annotations

Branches:
Dungeon (3/15)

Altars:


Innate Abilities, Weirdness & Mutations

You have sharp fingernails.
You have an unusually large brain. (Int +2)


Message History

You kill the goblin!
The giant cockroach barely misses you.
You hit the giant cockroach but do no damage.
The giant cockroach closely misses you.
You whack the giant cockroach! You burn the giant cockroach.
You kill the giant cockroach!
No target in view!
You see here a +0 dagger.
There is an open door here.
You see here a +0 hand crossbow. 2 ball pythons come into view.
Found a worn lead wand and a chain mail.
The ball python hisses angrily. x2
A kobold comes into view. It is wielding a +0 whip.
There are monsters nearby!
There are monsters nearby!
A goblin and a hobgoblin come into view.
The goblin shouts!
The hobgoblin shouts!
The ball python closely misses you. x2
You hit the ball python. You burn the ball python.
You kill the ball python!
The ball python barely misses you. The ball python grabs you.
The ball python constricts you.
You closely miss the ball python.
The ball python bites you but does no damage.
The ball python constricts you.
You hit the ball python. You burn the ball python.
The ball python completely misses you. The ball python constricts you.
You hit the ball python. You burn the ball python.
You kill the ball python!
The kobold throws a stone.
The stone barely misses you.
You hit the goblin but do no damage. The goblin hits you with a +0 club.
You hit the goblin. You burn the goblin.
You kill the goblin!
The kobold throws a stone.
The stone hits you.
You closely miss the hobgoblin. The hobgoblin misses you.
You hit the hobgoblin but do no damage. The hobgoblin barely misses you.
You closely miss the hobgoblin.
The hobgoblin hits you but does no damage.
You hit the hobgoblin. You burn the hobgoblin. The hobgoblin hits you.
You barely miss the hobgoblin. The hobgoblin hits you.
You are too injured to fight recklessly!
You are too injured to fight recklessly!
You are too injured to fight recklessly!
You are too injured to fight recklessly!
Unknown command.
You closely miss the hobgoblin.
The hobgoblin hits you but does no damage.
You hit the hobgoblin. You burn the hobgoblin.
You kill the hobgoblin!
The kobold throws a stone.
The stone barely misses you.
Found a stone staircase leading up.
The kobold hits you with a +0 whip.
Things that are here:
a +0 club; a ball python corpse You hit the kobold.
You burn the kobold.
You kill the kobold!
You have reached level 4!
You feel agile.
Your demonic ancestry asserts itself...
Your brain expands.
Things that are here:
a +0 whip; 5 stones
n - a wand of mindburst (8)
You see here a +0 chain mail.
Things that are here:
a +0 whip; 5 stones Search for what [Enter for "armor", or ? for help]? armr Can't find anything matching that.
Search for what [Enter for "armr", or ? for help]? armor
Things that are here:
a +0 club; a ball python corpse You see here a +0 hand crossbow.
There is an open door here.
There is a stone staircase leading up here.
There is an open door here.
You see here a +0 dagger.
You see here a +0 scale mail.
o - a +0 scale mail You start removing your armour.
You continue taking off your +0 leather armour. x4
You finish taking off your +0 leather armour.
You start putting on your armour.
You continue putting on your +0 scale mail. x5
You finish putting on your +0 scale mail.
You drop a +0 leather armour.
As you read the scroll labelled DUDUCKITTA, it crumbles to dust.
You feel strangely unstable.
It was a scroll of teleportation.
As you read the scroll labelled FIDOMASTOKU, it crumbles to dust.
You assume a fearsome visage.
Nothing appears to happen.
It was a scroll of fear.
As you read the scroll labelled MEANEE XOGEYR, it crumbles to dust.
It is a scroll of identify.
k - a potion of attraction Your surroundings suddenly seem different.
Could not explore, unopened door.
Could not explore, unopened door.
Could not explore, unopened door.
You open the door.
There is an open door here.
Found a stone staircase leading down.
There is a stone staircase leading down here.
There is a stone staircase leading down here.
b - a metallic grey potion Done exploring.
Done exploring.
Done exploring.
You see here a +0 dagger.
There is a stone staircase leading down here.
You climb downwards.
There is a stone staircase leading up here.
Could not explore, unopened door.
You open the door.
A ball python comes into view.
Found a stone staircase leading up.
The ball python hisses angrily.
There is an open door here.
A ball python is nearby!
A ball python is nearby!
You hit the ball python. You burn the ball python.
You kill the ball python!
No target in view!
No target in view!
You see here a ball python corpse.
Found 13 stones.
A kobold comes into view. It is wielding a +0 short sword.
The kobold shouts!
A kobold is nearby!
A kobold is nearby!
The kobold barely misses you.
You hit the kobold. You burn the kobold.
You kill the kobold!
No target in view!
Things that are here:
a +0 short sword; a kobold corpse
Found 14 stones.
You see here 14 stones.
Found a stone staircase leading down.
An endoplasm comes into view.
Found 9 gold pieces.
The endoplasm quivers.
An adder comes into view.
The adder hisses angrily.
You barely miss the endoplasm. You claw the endoplasm.
The endoplasm barely misses you.
You hit the endoplasm. You burn the endoplasm.
You kill the endoplasm!
The adder barely misses you. The adder bites you.
You are poisoned.
The adder poisons you!

##########
#...$S@..#
#.######.#
#.#
.######.#####
............#
.######.###.#
>######.# #.#
........# #.#
######### #.#


You could see an adder.

Vanquished Creatures
  3 dart slugs
  2 worms (D:2)
  8 ball pythons
  9 endoplasms
  A giant cockroach (D:2)
  4 goblins
  4 hobgoblins
  3 quokkas (D:1)
  3 bats
  9 frilled lizards
  8 kobolds
  4 rats
58 creatures vanquished.

Notes
Turn   | Place    | Note
-------+----------+-------------------------------------------
     0 | D:1      | CryoSword the Demonspawn Artificer began the quest for the
                  | Orb.
     0 | D:1      | Reached XP level 1. HP: 15/15 MP: 1/1
    93 | D:1      | Gained mutation: You have sharp fingernails. [demonic
                  | ancestry]
    93 | D:1      | Reached XP level 2. HP: 20/22 MP: 2/2
   225 | D:1      | Found a faded altar of an unknown god.
   289 | D:1      | Reached skill level 1 in Unarmed Combat
   628 | D:1      | You fall into a shaft and drop 1 floor!
   664 | D:2      | Reached XP level 3. HP: 23/27 MP: 1/3
  2147 | D:2      | Gained mutation: You have an unusually large brain. (Int
                  | +2) [demonic ancestry]
  2147 | D:2      | Reached XP level 4. HP: 19/33 MP: 1/4
  2453 | D:3      | Quit the game

Illustrated notes

Levels and vault maps discovered:
D:1:      grunt_arrival_lava_bath, layout_loops_corners, serial_forest,
          infiniplex_forest_end_2, infiniplex_forest_clump_tiny,
          infiniplex_forest_clump_tiny, infiniplex_forest_clump_small,
          infiniplex_forest_straight_2, infiniplex_forest_lined_3,
          infiniplex_forest_clump_curved, infiniplex_forest_lined_3,
          basic_ecumenical_altar
D:2:      layout_basic
D:3:      layout_loops_corners, uniq_natasha, uniq_jessica

Skill      XL: |  1  2  3 |
---------------+----------+-----
Fighting       | 2 |  2.3
Unarmed Combat | 1 2 |  2.6
Armour         | |  1.7
Dodging        | |  0.8
Stealth        | |  0.8
Evocations     | |  3.0

Action                   |  1- 3 |  4- 6 || total
-------------------------+-------+-------++-------
Melee: Whip              |   136 |     4 ||   140
       Punch             |     6 |     1 ||     7
  Use: Scroll            |       |     3 ||     3
 Stab: Sleeping          |     1 |       ||     1
Armor: Leather armour    |    28 |       ||    28
Dodge: Dodged            |    70 |     3 ||    73
